 Dungeon Crawl Stone Soup version 0.30-a0-860-g512cf1e979 (webtiles) character file.

Game seed: 6450208043952150184

190 Juicyj the Conjurer (level 5, -12/39 HPs)
             Began as a Draconian Conjurer on Mar 7, 2023.
             Killed by divine providence
             ... invoked by an orc priest
              (14 damage)
             ... on level 4 of the Dungeon.
             The game lasted 00:07:59 (4079 turns).

Juicyj the Conjurer (Draconian Conjurer)            Turns: 4079, Time: 00:08:06

Health: -12/39     AC:  5    Str: 10    XL:     5   Next: 41%
Magic:  1/9        EV: 12    Int: 20    God:
Gold:   196        SH:  0    Dex:  9    Spells: 4/10 levels left

rFire   . . .      SeeInvis .    r - +2 quarterstaff (chaos)
rCold   + . .      Faith    .    (shield currently unavailable)
rNeg    . . .      Spirit   .    (body armour unavailable)
rPois   .          Reflect  .    (helmet restricted)
rElec   .          Rampage  .    (no cloak)
rCorr   .                        (no gloves)
Will    .....                    (no boots)
Stlth   ++                       (no amulet)
HPRegen 0.26/turn                s - ring of protection from cold
MPRegen 0.11/turn                (no ring)

@: no status effects
A: AC +5, unfitting armour, cold-blooded
a: no special abilities


You were on level 4 of the Dungeon.
You visited 1 branch of the dungeon, and saw 4 of its levels.

You collected 196 gold pieces.

Inventory:

Hand Weapons
 e - a +0 club
 g - a +2 sling of flaming
 r - a +2 quarterstaff of chaos (weapon)
Jewellery
 s - a ring of protection from cold (left hand)
Wands
 u - a wand of mindburst (13)
Scrolls
 b - a scroll of magic mapping {unknown}
 c - a scroll of immolation
 d - 3 scrolls of teleportation
 f - a scroll of identify
 l - a scroll of butterflies {unknown}
 m - a scroll of enchant weapon {unknown}
 n - a scroll of vulnerability {unknown}
 o - a scroll of blinking
 p - a scroll of torment {unknown}
 t - a scroll of noise {unknown}
 v - a scroll of poison {unknown}
 x - a scroll of fog {unknown}
Potions
 a - a potion of magic
 h - a potion of berserk rage
 i - a potion of heal wounds {unknown}
 j - 3 potions of might
 k - 2 potions of lignification
 q - a potion of attraction {unknown}
 w - a potion of invisibility {unknown}


   Skills:
 + Level 0.6 Fighting
 + Level 0.9 Staves
 + Level 2.8 Dodging
 + Level 3.0 Stealth
 + Level 3.0 Spellcasting
 + Level 4.7 Conjurations
 + Level 0.5 Hexes


You had 4 spell levels left.
You knew the following spells:

 Your Spells              Type           Power      Damage    Failure   Level
a - Magic Dart            Conj           88%        1d7       1%          1
b - Searing Ray           Conj           44%        2d6       3%          2
c - Dazzling Flash        Conj/Hex       26%        N/A       14%         3

Your spell library contained the following spells:

 Spells                   Type           Power      Damage    Failure   Level
 Sandblast                Erth           6%         2d5       14%         1
 Stone Arrow              Conj/Erth      24%        3d8       16%         3
 Passwall                 Tmut/Erth      2%         N/A       22%         2
 Fulminant Prism          Conj/Hex       6%         3d7       43%         4
 Iskenderun's Mystic Bla  Conj/Tloc      12%        2d5       47%         4


Dungeon Overview and Level Annotations

Branches:
Dungeon (4/15)
 Temple: D:4-7

Altars:
Gozag
Sif Muna


Innate Abilities, Weirdness & Mutations

Your plain brown scales are hard. (AC +5)
You cannot fit into any form of body armour.
You are cold-blooded and may be slowed by cold attacks.


Message History

You are out of magic!
You are out of magic!
You open the door. The orc hits you with a +0 club.
There is an open door here.
The orc attacks as you move away! The orc hits you with a +0 club.
The orc priest miscasts a cantrip.
You closely miss the orc.
The orc priest mumbles some strange prayers to Beogh against you.
Beogh smites you!
* * * LOW HITPOINT WARNING * * *
The orc hits you but does no damage.
You sock the orc!
You kill the orc!
The orc priest looks encouraged for a moment.
Your Spellcasting skill increases to level 3!
Aiming: Mindburst
Press: ? - help, Q - select action, (/) - cycle Shift-Dir - straight line, f - orc priest
Aim: an orc priest, wielding a +0 falchion of holy wrath (moderately wounded, chance to affect: 64%)
The orc priest struggles to resist.
You barely miss the orc priest.
The orc priest is moderately wounded.
The orc priest completely misses you.
You closely miss the orc priest.
The orc priest is moderately wounded.
The orc priest misses you.
Casting: Magic Dart (safe; 1% risk of failure)
Confirm with . or Enter, or press ? or * to list all spells.
You don't have enough magic to cast this spell.
You sock the orc priest! You burn the orc priest.
The orc priest is almost dead.
The orc priest closely misses you.
The orc priest invokes the aid of Beogh against you.
Beogh smites you!
* * * LOW HITPOINT WARNING * * *
Blink to where?
Press: ? - help, Q - select action, (/) - cycle Dir - move target, p - orc priest
As you read the scroll of blinking, it crumbles to dust.
The orc priest mumbles some strange prayers to Beogh against you.
Beogh smites you!
You die...

..........##..#######.......
..........##### ###.....
..............# ..###
....>.........# ###
.......>......# #####..# ..
....###'#########......######...
....#............................
....#............................
....#...........@................
....#............................
....#.......................)....
....#.........[.................
####################'###....###
#....)#..).# #....§o....+
#######....# ######


You could see an orc priest.

Vanquished Creatures
  A hound (D:4)
  A jelly (D:4)
  Crazy Yiuf (D:3)
  2 adders (D:2)
  A dart slug (D:4)
  8 orcs
  5 endoplasms
  5 giant cockroaches
  6 hobgoblins
  4 jackals
  2 quokkas
  4 ball pythons
  7 bats
  2 frilled lizards
  9 goblins
  5 kobolds
  4 rats
67 creatures vanquished.

Vanquished Creatures (others)
  A fungus (D:3)
1 creature vanquished.

Grand Total: 68 creatures vanquished

Notes
Turn   | Place    | Note
-------+----------+-------------------------------------------
     0 | D:1      | Juicyj the Draconian Conjurer began the quest for the Orb.
     0 | D:1      | Reached XP level 1. HP: 14/14 MP: 3/3
   447 | D:1      | Reached XP level 2. HP: 20/20 MP: 3/5
  1357 | D:2      | Reached XP level 3. HP: 22/26 MP: 0/6
  2250 | D:3      | Learned a level 2 spell: Searing Ray
  2254 | D:3      | Learned a level 3 spell: Dazzling Flash
  2385 | D:3      | Found an opulent altar of Gozag.
  2658 | D:3      | Reached XP level 4. HP: 33/33 MP: 1/7
  3395 | D:3      | Found a runed translucent door.
  3396 | D:3      | Noticed Crazy Yiuf
  3403 | D:3      | Killed Crazy Yiuf
  3732 | D:4      | Reached XP level 5. HP: 38/38 MP: 4/9
  3923 | D:4      | Found a shimmering blue altar of Sif Muna.
  4079 | D:4      | Killed from afar by an orc priest

Illustrated notes

Levels and vault maps discovered:
D:1:      saegor_arrival_simple_e, layout_loops_ring
D:2:      layout_basic
D:3:      layout_basic, grunt_gozag_breadcrumbs, uniq_crazy_yiuf_cottage
D:4:      layout_gridville, mainiacjoe_overflow_catwalk_spiral,
          nemelex_xobeh_ov_fountains_minmay, trog_book,
          kennysheep_generic_room_16

Skill      XL: |  1  2  3  4  5 |
---------------+----------------+-----
Stealth        | 2 3 |  3.0
Dodging        | 2 |  2.8
Spellcasting   | 3 |  3.0
Fighting       | |  0.6
Staves         | |  0.9
Conjurations   | |  4.7
Hexes          | |  0.5

Action                     |  1- 3 |  4- 6 || total
---------------------------+-------+-------++-------
  Melee: Unarmed           |    29 |       ||    29
         Tailslap          |     1 |     2 ||     3
         Club              |     5 |    26 ||    31
         Punch             |       |     1 ||     1
         Quarterstaff      |       |     6 ||     6
   Cast: Magic Dart        |    84 |    53 ||   137
         Searing Ray       |     3 |     1 ||     4
  Evoke: Wand              |       |     1 ||     1
    Use: Scroll            |     5 |     1 ||     6
         Potion            |     2 |       ||     2
 Armour: Skin              |    14 |    22 ||    36
  Dodge: Dodged            |    46 |    33 ||    79

Table legend: (Time is in decaauts)
 A = Elapsed time spent in this place.
 B = Non-inter-level travel time spent in this place.
 C = Inter-level travel time spent in this place.
 D = Time resting spent in this place.
 E = Time spent auto-exploring this place.
 F = Levels seen in this place.
 G = Mean time per level.
                   A        B        C        D        E       F      G
               +--------+--------+--------+--------+--------+-----+--------+
         Total |   4100 |   4007 |     93 |    698 |   2852 |   4 | 1025.0 |
       Dungeon |   4100 |   4007 |     93 |    698 |   2852 |   4 | 1025.0 |
               +--------+--------+--------+--------+--------+-----+--------+

Top non-repeatable levels by time:
     D:3: 1363 daAuts
     D:2: 1236 daAuts
     D:1: 1143 daAuts
     D:4: 356 daAuts
